 Dungeon Crawl Stone Soup version 0.27-a0-1158-gaa87e14f67 (webtiles) character file.

Game seed: 14052237783790584466

65 experimilk the Skirmisher (level 4, -2/30 HPs)
             Began as a Gargoyle Fighter on May 15, 2021.
             Slain by a gnoll
             ... wielding a +0 halberd
              (7 damage)
             ... on level 2 of the Dungeon.
             The game lasted 00:04:39 (2021 turns).

experimilk the Skirmisher (Gargoyle Fighter)        Turns: 2021, Time: 00:04:40

Health: -2/30      AC: 12    Str: 20    XL:     4   Next: 13%
Magic:  4/4        EV:  5    Int:  8    God:
Gold:   43         SH:  9    Dex: 10    Spells: 3/3 levels left

rFire    . . .     SeeInvis .   a - +0 flail
rCold    . . .     Faith    .   c - +0 kite shield
rNeg     + . .     Spirit   .   h - +0 chain mail
rPois    ∞         Reflect  .   (no helmet)
rElec    +         Harm     .   (no cloak)
rCorr    .         Rampage  .   (no gloves)
Will     .....                  (no boots)
Stlth    ..........             (no amulet)
HPRegen  0.10/turn              (no ring)
MPRegen  0.09/turn              (no ring)

@: mighty
A: sickness immunity, AC +3, negative energy resistance 1, electricity
resistance, torment resistance 1, petrification resistance
a: no special abilities


You were on level 2 of the Dungeon.
You visited 1 branch of the dungeon, and saw 2 of its levels.

You collected 43 gold pieces.

Inventory:

Hand Weapons
 a - a +0 flail (weapon)
Missiles
 g - 2 boomerangs (quivered)
Armour
 b - a +0 scale mail
 c - a +0 kite shield (worn)
 h - a +0 chain mail (worn)
 i - a scarf of harm
Scrolls
 e - a scroll of teleportation
 f - a scroll of magic mapping
 k - a scroll of immolation {unknown}
Potions
 j - a potion of resistance {unknown}


   Skills:
 * Level 4.4 Fighting
 + Level 2.7 Maces & Flails
 - Level 3.2 Armour
 + Level 3.9 Shields


You had 3 spell levels left.
You didn't know any spells.
Your spell library was empty.

Dungeon Overview and Level Annotations

Branches:
Dungeon (2/15)

Altars:

Shops:
D:2 *


Innate Abilities, Weirdness & Mutations

You are immune to sickness and miasma.
Your stone body is resilient. (AC +3)
You are immune to poison.
You resist negative energy. (rN+)
You are resistant to electric shocks. (rElec)
You are resistant to unholy torment.
You are immune to petrification.


Message History

You throw a boomerang. The gnoll shouts!
The boomerang hits the gnoll.
The gnoll is moderately wounded.
Throw: 2 boomerangs
Press: ? - help, Q - select action Shift-Dir - straight line, f/p - gnoll
Aim: a gnoll, wielding a +0 halberd (moderately wounded, 61% to hit)
You throw a boomerang. The boomerang hits the gnoll.
The gnoll is severely wounded.
You block the gnoll's attack. The gnoll hits you with a +0 halberd!
Things that are here:
a +0 flail; a gnoll corpse You sock the gnoll!
You kill the gnoll!
You have reached level 4!
You feel stronger.
You hit the gnoll but do no damage. The gnoll hits you with a +0 whip.
The gnoll hits you from afar with a +0 halberd.
You block the gnoll's attack.
You hit the gnoll.
The gnoll is moderately wounded.
The gnoll barely misses you. The gnoll hits you with a +0 whip.
* * * LOW HITPOINT WARNING * * *
The gnoll hits you from afar with a +0 halberd.
* * * LOW HITPOINT WARNING * * *
You feel very mighty all of a sudden. The gnoll barely misses you. x2
You completely miss the gnoll.
The gnoll is moderately wounded.
The gnoll hits you but does no damage. x2; You block the gnoll's attack.
You hit the gnoll.
The gnoll is moderately wounded.
The gnoll barely misses you. You block the gnoll's attack.
The gnoll hits you but does no damage.
You barely miss the gnoll.
The gnoll is moderately wounded.
The gnoll hits you but does no damage.
The gnoll hits you from afar with a +0 halberd!
You die...

#.##########'## #.# ##.≈
#.............# #.# #...
##....#####...####'### #..†
#....# #..........# #... ######
#..........# #...
#..........#♣♣♣♣*#..♣
*#***#..........≈P≈P≈≈P≈♣≈
*******≈P..########'#≈≈≈≈≈≈P≈≈≈≈
*,,,,,,≈≈P.....@gg..≈≈≈≈≈P≈≈P≈≈≈
*,*****≈≈.########............,.
*,* *≈≈≈** #.†P≈≈≈≈≈≈≈≈≈≈≈ *,*
***≈* ###≈≈PP≈≈≈****≈ *,* ***
*,,.≈≈≈≈≈≈*≈≈≈* *,*
*,,..♣≈≈≈♣***** *,* *,,......# *
*,******* ***,.....**** *
*,*,,,,,************,,..g,,*≈***


You could see 2 gnolls.

Vanquished Creatures
  An adder (D:2)
  2 gnolls (D:2)
  A worm (D:2)
  3 bats (D:2)
  A giant cockroach (D:2)
  A goblin (D:1)
  A hobgoblin (D:2)
  11 jackals
  A quokka (D:1)
  4 ball pythons
  2 frilled lizards
  2 kobolds
  2 rats (D:1)
32 creatures vanquished.

Vanquished Creatures (others)
  A demonic plant (D:1)
  26 plants (D:2)
27 creatures vanquished.

Grand Total: 59 creatures vanquished

Notes
Turn   | Place    | Note
-------+----------+-------------------------------------------
     0 | D:1      | experimilk the Gargoyle Fighter began the quest for the
                  | Orb.
     0 | D:1      | Reached XP level 1. HP: 14/14 MP: 1/1
   523 | D:1      | Reached XP level 2. HP: 11/19 MP: 2/2
   931 | D:1      | Found a faded altar of an unknown god.
  1337 | D:2      | Reached skill level 4 in Fighting
  1337 | D:2      | Reached XP level 3. HP: 24/24 MP: 3/3
  1447 | D:2      | Found Ryurol's General Store.
  2016 | D:2      | Reached XP level 4. HP: 15/30 MP: 4/4
  2021 | D:2      | Slain by a gnoll

Illustrated notes

Levels and vault maps discovered:
D:1:      amcnicky_arrival_abandoned_market, layout_basic,
          shapermc_ecumenical_altar_gd
D:2:      layout_basic, serial_bayou, serial_bayou_lagoon_b,
          serial_bayou_crossing, serial_bayou_shore_a, serial_bayou_pond_d,
          serial_bayou_lagoon_a, serial_bayou_ford_a, serial_shops, shop,
          minmay_bisected

Skill      XL: |  1  2 |
---------------+-------+-----
Fighting       | 4 |  4.4
Maces & Flails | |  2.7
Armour         | |  3.2
Shields        | |  3.9

Action                   |  1- 3 |  4- 6 || total
-------------------------+-------+-------++-------
Melee: Flail             |   103 |     5 ||   108
Throw: Boomerang         |    18 |       ||    18
  Use: Scroll            |     2 |       ||     2
       Potion            |       |     1 ||     1
Armor: Scale mail        |    36 |       ||    36
       Chain mail        |    33 |     4 ||    37
Dodge: Dodged            |    27 |     4 ||    31
Block: Kite shield       |    75 |     3 ||    78

Table legend: (Time is in decaauts)
 A = Elapsed time spent in this place.
 B = Non-inter-level travel time spent in this place.
 C = Inter-level travel time spent in this place.
 D = Time resting spent in this place.
 E = Time spent auto-exploring this place.
 F = Levels seen in this place.
 G = Mean time per level.
                   A        B        C        D        E       F      G
               +--------+--------+--------+--------+--------+-----+--------+
         Total |   2108 |   2038 |     70 |    956 |    606 |   2 | 1054.0 |
       Dungeon |   2108 |   2038 |     70 |    956 |    606 |   2 | 1054.0 |
               +--------+--------+--------+--------+--------+-----+--------+

Top non-repeatable levels by time:
     D:1: 1300 daAuts
     D:2: 807 daAuts
